 Dungeon Crawl Stone Soup version 0.21.1 (webtiles) character file.

76 aspa the Magician (level 4, -2/27 HPs)
             Began as an Octopode Wizard on Feb 3, 2018.
             Was a Follower of Makhleb.
             Slain by a hippogriff (6 damage)
             ... on level 3 of the Dungeon.
             The game lasted 00:05:18 (2367 turns).

aspa the Magician (Octopode Wizard)                 Turns: 2367, Time: 00:05:19

Health: -2/27      AC:  1    Str:  6    XL:     4   Next: 32%
Magic:  8/10       EV: 13    Int: 21    God:    Makhleb [*.....]
Gold:   76         SH:  0    Dex: 10    Spells: 3/11 levels left

rFire    . . .     SeeInvis .   l - +2 hand axe (vamp)
rCold    . . .     Gourm    .   (no shield)
rNeg     . . .     Faith    .   a - +0 hat
rPois    .         Spirit   .   (no amulet)
rElec    .         Reflect  .   c - ring of teleportation (curse)
rCorr    .         Harm     .   (no ring)
MR       .....     Rnd*Tele +   (no ring)
Stlth    +++.......             (no ring)
HPRegen  0.09/turn              (no ring)
MPRegen  0.12/turn              (no ring)
                                (no ring)
                                (no ring)

@: no status effects
A: almost no armour, stealthy swim, amphibious, 8 rings, constrict 8, camouflage
1, gelatinous body 1
a: Renounce Religion


You were on level 3 of the Dungeon.
You worshipped Makhleb.
Makhleb was aware of your devotion.
You were not hungry.

You visited 1 branch of the dungeon, and saw 4 of its levels.

You collected 76 gold pieces.

Inventory:

Hand Weapons
 l - a +2 vampiric hand axe (weapon)
Armour
 a - a +0 hat (worn)
Jewellery
 c - a cursed ring of teleportation (left tentacle)
Scrolls
 d - a scroll of teleportation {unknown}
 e - a scroll of identify {unknown}
 i - a scroll of noise {unknown}
 j - a scroll of blinking {unknown}
 n - a scroll of magic mapping {unknown}
 p - a scroll of amnesia {unknown}
 r - a scroll of remove curse {unknown}
Potions
 f - 3 potions of degeneration {unknown}
 g - 2 potions of agility {unknown}
 h - 5 potions of curing {unknown}
 k - a potion of brilliance {unknown}
 m - a potion of lignification {unknown}
 s - a potion of might {unknown}
Books
 b - a book of Minor Magic

   Spells                             Type                      Level
   a - Magic Dart                     Conjuration                  1
   b - Blink                          Translocation                2
   c - Call Imp                       Summoning                    2
   d - Slow                           Hexes                        2
   e - Conjure Flame                  Conjuration/Fire             3
   f - Mephitic Cloud                 Conjuration/Poison/Air       3
Comestibles
 o - 5 chunks of flesh
 q - a ration


   Skills:
 - Level 2.0 Dodging
 - Level 2.6 Stealth
 + Level 4.2 Spellcasting
 * Level 2.4 Conjurations
 - Level 1.0 Summonings
 - Level 1.0 Translocations


You had 3 spell levels left.
You knew the following spells:

 Your Spells              Type           Power        Failure   Level  Hunger
a - Magic Dart            Conj           ##..         4%          1    None
b - Call Imp              Summ           #.......     12%         2    #......
c - Mephitic Cloud        Conj/Pois/Air  #.......     26%         3    ###....
d - Blink                 Tloc           N/A          12%         2    #......


Dungeon Overview and Level Annotations

Branches:
Dungeon (4/15)
 Temple: D:4-7

Altars:
Fedhas
Makhleb


Innate Abilities, Weirdness & Mutations

You cannot wear most types of armour.
You are very stealthy in the water. (Stealth+)
You are amphibious.
You can wear up to eight rings at the same time.
You can use your tentacles to constrict eight enemies at once.
Your skin changes colour to match your surroundings (Stealth+).
Your rubbery body absorbs attacks. (AC +1, EV +1)


Message History

You see here 2 chunks of flesh.
o - 5 chunks of flesh (gained 2)
There is a stone staircase leading down here.
An orc comes into view.
You see here 25 arrows.
An orc comes into view. It is wielding a club.
The orc shouts!
You hear a shout! x2
An orc and an orc wizard come into view.
The orc wizard moves out of view.
You see here a fuming inky potion.
h - 5 fuming inky potions (gained 1)
The orc shouts!
You hear a shout!
You see here 25 arrows.
A hippogriff comes into view.
The hippogriff bites you. The hippogriff closely misses you.
The hippogriff claws you! The hippogriff bites you. The hippogriff pecks you!
* * * LOW HITPOINT WARNING * * *
The hippogriff claws you.
You die...

##.# #..# #.. ..#####.#
..........#.# ##
...#####...#### ..#
#..........>.#####.#..
#.......####..........
#......# ##..........
.##......# #..@<.......
o........####.H.........
###.o...o(o.............
#......####...........
#......# #..........<
#......# ##..........
#......# ##.....#...
######## ##########


You could see a hippogriff and an orc.

Vanquished Creatures
  An adder (D:2)
  2 oozes (D:2)
  A dart slug (D:1)
  A leopard gecko (D:1)
  2 bats (D:2)
  5 giant cockroaches
  2 goblins (D:1)
  5 hobgoblins
  13 jackals
  4 kobolds
  3 frilled lizards
  6 rats
45 creatures vanquished.

Vanquished Creatures (collateral kills)
  A worm (D:2)
  A bat (D:1)
  A jackal (D:2)
3 creatures vanquished.

Grand Total: 48 creatures vanquished

Notes
Turn   | Place    | Note
-------+----------+-------------------------------------------
     0 | D:1      | aspa the Octopode Wizard began the quest for the Orb.
     0 | D:1      | Reached XP level 1. HP: 11/11 MP: 4/4
   278 | D:1      | Reached XP level 2. HP: 17/17 MP: 3/6
   300 | D:1      | Learned a level 2 spell: Call Imp
   806 | D:1      | Reached XP level 3. HP: 4/21 MP: 0/8
   881 | D:1      | Learned a level 3 spell: Mephitic Cloud
   884 | D:1      | Learned a level 2 spell: Blink
  1346 | D:2      | Reached skill level 4 in Spellcasting
  1555 | D:2      | Reached XP level 4. HP: 6/27 MP: 7/10
  1932 | D:2      | Found a faded altar of an unknown god.
  1946 | D:2      | Became a worshipper of Makhleb the Destroyer
  1946 | D:2      | Reached * piety under Makhleb
  2150 | D:2      | Found a blossoming altar of Fedhas.
  2363 | D:3      | Noticed a hippogriff
  2367 | D:3      | Slain by a hippogriff

Skill      XL: |  1  2  3 |
---------------+----------+-----
Conjurations   | 2 |  2.4
Spellcasting   | 4 |  4.2
Dodging        | |  2.0
Stealth        | |  2.6
Summonings     | |  1.0
Translocations | |  1.0

Action                   |  1- 3 |  4- 6 || total
-------------------------+-------+-------++-------
Melee: Unarmed           |    41 |       ||    41
       Constrict         |    13 |     3 ||    16
       Tentacles         |     5 |     1 ||     6
       Hand axe          |    17 |     9 ||    26
 Cast: Magic Dart        |    71 |    17 ||    88
       Call Imp          |     4 |     1 ||     5
       Mephitic Cloud    |     1 |       ||     1
       Blink             |       |     2 ||     2
  Eat: Ration            |     2 |       ||     2
       Chunk             |     1 |     1 ||     2
Armor: Skin              |     6 |       ||     6
Dodge: Dodged            |    52 |    16 ||    68
